[Event "Titled Tuesday Blitz May 23 Early 2023"]
[White "Cardozo Munar, Carlos Eduardo"]
[Black "Goswami, Vedant"]
[WhiteFideId "4409477"]
[BlackFideId "5003725"]
[WhiteElo "2067"]
[BlackElo "2011"]
[Result "1-0"]
[Round "11"]
[TimeControl "180+2"]
[Date "2023.05.23"]
[WhiteClock "0:01:21"]
[BlackClock "0:00:34"]

1. d4 d6 2. c3 g6 3. Nf3 Bg7 4. Bg5 c6 5. Nbd2 h6 6. Bh4 Nf6 7. e4 g5 8. Bg3 Nh5 9. Qb3 Nxg3 10. hxg3 Qc7 11. Bc4 e6 12. O-O-O b5 13. Bd3 a5 14. e5 d5 15. a3 Nd7 16. Rh2 Rb8 17. Rdh1 Rf8 18. Rxh6 Bxh6 19. Rxh6 b4 20. Nxg5 c5 21. Nxf7 Kxf7 22. Rh7+ Ke8 23. Qd1 c4 24. Qh5+ Kd8 25. Qh4+ Nf6 26. Rxc7 Kxc7 27. exf6 cxd3 28. Qf4+ Kb7 29. Nf3 bxa3 30. bxa3 Bd7 31. Ne5 Ba4 32. Nxd3 Kc6 33. Nc5 Bb5 34. Qe5 Rbe8 35. g4 1-0


[Site "https://www.chess.com"]

[Event "Titled Tuesday Blitz May 23 Early 2023"]
[White "Rodriguez Santiago, Jaime"]
[Black "Larina, Maria"]
[WhiteFideId "3100898"]
[BlackFideId "24113182"]
[WhiteElo "2025"]
[BlackElo "1848"]
[Result "0-1"]
[Round "11"]
[TimeControl "180+2"]
[Date "2023.05.23"]
[WhiteClock "0:00:10"]
[BlackClock "0:00:11"]

1. c4 f5 2. Nc3 Nf6 3. g3 g6 4. Bg2 Bg7 5. d3 d6 6. e4 Nc6 7. Nge2 O-O 8. O-O e5 9. Nd5 Nd4 10. Nxd4 exd4 11. exf5 c6 12. Nxf6+ Qxf6 13. fxg6 hxg6 14. Bd2 Bf5 15. Qc2 Bg4 16. Rae1 Rf7 17. f4 Qf5 18. Be4 Qh5 19. Rf2 Bf6 20. Bb4 c5 21. Bd2 Kg7 22. Bxb7 Rxb7 23. Qa4 Bd7 24. Qa6 Rb6 25. Qa3 Qf5 26. b4 Bc6 27. bxc5 dxc5 28. Ba5 Rb7 29. Rfe2 Rab8 30. Bd2 Rf8 31. Qa6 Qd7 32. Re6 Bf3 33. Rd6 Qc7 34. Kf2 Bg4 35. Bc1 Rb6 36. Rxb6 axb6 37. Qb5 Bf5 38. Qb3 Qd7 39. Qd1 Re8 40. Rxe8 Qxe8 41. Qf3 Qd7 42. a3 Qa7 43. Qe2 Qd7 44. Qf3 b5 45. cxb5 Qxb5 46. Qe2 Qd7 47. Qf3 Kf7 48. Qe2 Be6 49. Bd2 Bd5 50. Qf1 Qg4 51. Ke1 Qf3 52. Qh3 Qh1+ 53. Ke2 Qg2+ 54. Qxg2 Bxg2 55. a4 Bb7 56. a5 Ke6 57. Be1 Kd5 58. Kd2 Bd8 59. Kc2 Ba6 60. h3 Bf6 61. g4 Bg7 62. Bd2 c4 63. dxc4+ Bxc4 64. h4 d3+ 65. Kd1 Ke4 66. h5 gxh5 67. gxh5 Bh6 68. f5 Bxd2 69. Kxd2 Kxf5 70. Kc3 Ba6 71. Kd2 Kg5 72. Ke3 Kxh5 73. Kd2 Kg5 74. Ke3 Kf5 75. Kd2 Ke5 76. Kd1 Kd5 77. Kd2 Kc5 78. Kd1 Kb4 79. Kd2 Kxa5 80. Kd1 Kb4 81. Kd2 Kb3 82. Kd1 Kc3 0-1


[Site "https://www.chess.com"]

[Event "Titled Tuesday Blitz May 23 Early 2023"]
[White "Prieto Aranguren, Alain"]
[Black "Jaivardhan Raj"]
[WhiteFideId "2268906"]
[BlackFideId "25744437"]
[WhiteElo "2209"]
[BlackElo "1772"]
[Result "0-1"]
[Round "11"]
[TimeControl "180+2"]
[Date "2023.05.23"]
[WhiteClock "0:01:41"]
[BlackClock "0:00:31"]

1. e4 c5 2. Bc4 e6 3. Qf3 Nc6 4. d3 Ne5 5. Qg3 Nxc4 6. dxc4 b6 7. Nc3 Bb7 8. Nb5 d6 9. Bg5 Nf6 10. f3 a6 11. Nxd6+ Bxd6 12. e5 Bc7 13. Rd1 Qb8 14. f4 Ne4 15. Qd3 O-O 16. Nf3 Bd8 17. h4 Bxg5 18. Nxg5 Rd8 19. Qe2 Rxd1+ 20. Qxd1 Qd8 21. Qe2 Nxg5 22. hxg5 Qd4 23. Qh5 Qe4+ 24. Kd2 Rd8+ 25. Kc3 Qe3# 0-1


[Site "https://www.chess.com"]

[Event "Titled Tuesday Blitz May 23 Early 2023"]
[White "littlepillow2010"]
[Black "Fajdetic, Hrvoje"]
[BlackFideId "14501945"]
[WhiteElo "2334"]
[BlackElo "2185"]
[Result "0-1"]
[Round "11"]
[TimeControl "180+2"]
[Date "2023.05.23"]
[WhiteClock "0:00:00"]
[BlackClock "0:00:04"]

1. e4 c5 2. c3 d5 3. Nf3 dxe4 4. Ng5 Nf6 5. Nxe4 Nxe4 6. Qa4+ Bd7 7. Qxe4 Bc6 8. Qc2 Qd5 9. d3 Nd7 10. Be3 O-O-O 11. Nd2 Ne5 12. d4 Ng4 13. b3 Nxe3 14. fxe3 cxd4 15. cxd4 e5 16. Bc4 Qxg2 17. O-O-O Ba3+ 18. Kb1 exd4 19. exd4 Rxd4 20. Rhg1 Qxh2 21. Bb5 Rxd2 22. Qxd2 Qxd2 23. Rxd2 Bxb5 24. Rxg7 Rf8 25. Rxh7 Bb4 26. Rc2+ Kb8 27. Rh3 f5 28. Rf2 f4 29. Kb2 Bc6 30. Rh4 Bd6 31. Kc3 f3 32. Rh3 Bc5 33. Rf1 a5 34. Kc4 Bb6 35. a4 f2 36. Rg3 Rf4+ 37. Kc3 Be4 38. Kd2 Bd5 39. Ke2 Bxb3 40. Rxb3 Re4+ 41. Kd2 Rd4+ 42. Ke2 Rd6 43. Rf3 Ka7 44. Rf5 Re6+ 45. Kf3 Rc6 46. Kg2 Rc2 47. Rf4 Ka6 48. Re4 Ra2 49. Rf4 Ra3 50. Rh1 Ra2 51. Rg1 fxg1=Q+ 0-1


[Site "https://www.chess.com"]

[Event "Titled Tuesday Blitz May 23 Early 2023"]
[White "Yanayt, Eugene"]
[Black "Singgih, Diajeng Theresa"]
[WhiteFideId "2020165"]
[BlackFideId "7104391"]
[WhiteElo "2083"]
[BlackElo "1891"]
[Result "0-1"]
[Round "11"]
[TimeControl "180+2"]
[Date "2023.05.23"]
[WhiteClock "0:00:00"]
[BlackClock "0:00:06"]

1. Nf3 d5 2. d4 Nf6 3. c4 e6 4. g3 Bb4+ 5. Nc3 O-O 6. Bg2 b6 7. O-O Bb7 8. Ne5 Nbd7 9. Nd3 Bxc3 10. bxc3 Rb8 11. cxd5 Nxd5 12. Qc2 N7f6 13. e4 Ne7 14. Ne5 c5 15. Be3 cxd4 16. cxd4 Rc8 17. Qb1 Nc6 18. Nf3 Na5 19. Ne5 Nc4 20. Nxc4 Rxc4 21. Rd1 Qa8 22. f3 Rfc8 23. Bf2 Rc2 24. Qb3 Ba6 25. g4 Qc6 26. h4 Bb5 27. a4 Be2 28. Re1 Qb7 29. Qe3 R8c3 30. Qf4 Ba6 31. h5 h6 32. Bh4 Nd7 33. Kh1 Qc6 34. d5 Qc4 35. Bf1 Qb3 36. Rab1 Qa3 37. Ra1 Qb3 38. Reb1 Rb2 39. Rxb2 Qxb2 40. Re1 Bxf1 41. Rxf1 e5 42. Qf5 Nc5 43. Qc8+ Kh7 44. Qf5+ Kg8 45. Qc8+ Kh7 46. g5 hxg5 47. Bxg5 Ne6 48. Qd7 Nxg5 49. Qf5+ Kh6 50. Rg1 Qd2 51. d6 Rc2 52. Qxe5 f6 53. Qg3 Qd3 54. d7 Rd2 55. f4 Qxd7 56. fxg5+ Kh7 57. gxf6 Kh8 58. f7 Qxf7 59. Qb8+ Kh7 60. Qg3 Kh8 61. Qh4 Kh7 62. Qh3 Kh8 63. e5 Kh7 64. e6 Qb7+ 65. Rg2 Rd1+ 66. Kh2 Qc7+ 67. Qg3 Qxg3+ 68. Kxg3 Re1 69. Rc2 Rxe6 70. Rc7 a5 71. Rb7 Kh6 72. Kg4 Re4+ 73. Kf5 Rxa4 74. Rxb6+ Kxh5 75. Rb8 g6+ 76. Kf6 Rf4+ 77. Ke5 Rf1 78. Rb5 Rf5+ 0-1


[Site "https://www.chess.com"]

[Event "Titled Tuesday Blitz May 23 Early 2023"]
[White "MANOJ_MISHRA123"]
[Black "Piesik, Piotr"]
[BlackFideId "1136194"]
[WhiteElo "2240"]
[BlackElo "2299"]
[Result "0-1"]
[Round "11"]
[TimeControl "180+2"]
[Date "2023.05.23"]
[WhiteClock "0:00:00"]
[BlackClock "0:01:25"]

1. d4 c5 2. d5 e5 3. c4 d6 4. Nc3 Be7 5. e4 Bg5 6. Bxg5 Qxg5 7. Nf3 Qd8 8. Be2 Ne7 9. h4 O-O 10. h5 h6 11. Nh4 f5 12. Qd2 Nd7 13. exf5 Nxf5 14. Nxf5 Rxf5 15. Bg4 Rf4 16. Be6+ Kh8 17. Qd3 Nf6 18. Bxc8 Qxc8 19. Nb5 Qd7 20. O-O a6 21. Nc3 Nxh5 22. Qg6 Nf6 23. b3 e4 24. Qg3 Qf5 25. Rae1 Rd8 26. f3 Nh5 27. Qh2 exf3 28. gxf3 Rxf3 29. Rxf3 Qxf3 30. Rf1 Qe3+ 31. Kg2 Nf6 32. Nd1 Qe4+ 33. Kg1 Qd4+ 34. Nf2 Ng4 35. Qh4 Rf8 36. Qxg4 Rxf2 37. Qc8+ Rf8+ 0-1


[Site "https://www.chess.com"]

[Event "Titled Tuesday Blitz May 23 Early 2023"]
[White "James, Stuart"]
[Black "Gatterer, Florian"]
[WhiteFideId "7400489"]
[BlackFideId "811688"]
[WhiteElo "1950"]
[BlackElo "2221"]
[Result "0-1"]
[Round "11"]
[TimeControl "180+2"]
[Date "2023.05.23"]
[WhiteClock "0:00:25"]
[BlackClock "0:00:22"]

1. e4 d5 2. exd5 Qxd5 3. Nc3 Qd8 4. Nf3 Nf6 5. Be2 Bg4 6. h3 Bh5 7. d4 e6 8. Bg5 Be7 9. Qd2 c6 10. O-O-O Nbd7 11. g4 Bg6 12. Qe3 Bb4 13. Ne5 Bxc3 14. Qxc3 Nd5 15. Bxd8 Nxc3 16. bxc3 Rxd8 17. Nxg6 hxg6 18. f4 Ke7 19. Bf3 Nb6 20. Bg2 Nd5 21. Bxd5 cxd5 22. Kd2 Rh4 23. Ke2 Rdh8 24. Rb1 b6 25. Rb3 Rxh3 26. Rxh3 Rxh3 27. Ra3 Rh2+ 28. Kd3 a5 29. Rb3 Rf2 30. Rxb6 Rxf4 31. Ra6 Rxg4 32. Rxa5 Rg1 33. Ra7+ Kf6 34. c4 Rg3+ 0-1


[Site "https://www.chess.com"]

[Event "Titled Tuesday Blitz May 23 Early 2023"]
[White "Georg, Heinz"]
[Black "agvania123"]
[WhiteFideId "4607295"]
[WhiteElo "2304"]
[BlackElo "2237"]
[Result "0-1"]
[Round "11"]
[TimeControl "180+2"]
[Date "2023.05.23"]
[WhiteClock "0:00:58"]
[BlackClock "0:00:37"]

1. e4 d5 2. exd5 Qxd5 3. c4 Qd8 4. d4 Nf6 5. Nc3 g6 6. Nf3 Bg7 7. Bd3 O-O 8. O-O Bg4 9. Be3 c6 10. h3 Bxf3 11. Qxf3 e6 12. Rfd1 Nbd7 13. b3 Qe7 14. Rd2 Rfd8 15. Rad1 a5 16. Bc2 Qb4 17. Ne2 a4 18. Bg5 axb3 19. axb3 h6 20. Bh4 Re8 21. Bxf6 Nxf6 22. Nf4 Red8 23. Qg3 g5 24. Nd3 Qd6 25. Ne5 Nd7 26. Qd3 Nxe5 27. Qh7+ Kf8 28. dxe5 Qxd2 29. Rxd2 Rxd2 30. Be4 Ra1+ 31. Kh2 Bxe5+ 32. g3 Rxf2+ 33. Bg2 Raa2 34. Qxh6+ Bg7 35. Qxg5 Rxg2+ 36. Kh1 Rh2+ 37. Kg1 Bd4+ 38. Kf1 Rh1# 0-1


[Site "https://www.chess.com"]

[Event "Titled Tuesday Blitz May 23 Early 2023"]
[White "Clawitter, Craig"]
[Black "Sovetbekova, Nurai"]
[WhiteFideId "2023105"]
[BlackFideId "13801910"]
[WhiteElo "2230"]
[BlackElo "1857"]
[Result "0-1"]
[Round "11"]
[TimeControl "180+2"]
[Date "2023.05.23"]
[WhiteClock "0:00:00"]
[BlackClock "0:01:25"]

1. e4 c5 2. Nf3 d6 3. d4 cxd4 4. Nxd4 Nf6 5. Nc3 a6 6. Be3 e5 7. Nb3 Be6 8. f3 Be7 9. Qd2 h5 10. Be2 Nbd7 11. Nd5 Nxd5 12. exd5 Bf5 13. O-O Rc8 14. c4 Nf6 15. Na5 Qc7 16. Rac1 O-O 17. b4 e4 18. c5 exf3 19. Bxf3 Be4 20. Nc4 Rfd8 21. Bf4 Bxf3 22. Rxf3 Ne4 23. Qe2 f5 24. cxd6 Bxd6 25. Nxd6 Qxc1+ 26. Bxc1 Rxc1+ 27. Rf1 Rxf1+ 28. Qxf1 Nxd6 29. Qf3 g6 30. Qg3 Kf7 31. Qe5 Ne4 32. Qe6+ Kf8 33. Qxg6 Rxd5 0-1


[Site "https://www.chess.com"]

[Event "Titled Tuesday Blitz May 23 Early 2023"]
[White "Hon, Eric"]
[Black "Kostiukov, Alexandr"]
[WhiteFideId "2097117"]
[BlackFideId "14108100"]
[WhiteElo "1918"]
[BlackElo "2202"]
[Result "0-1"]
[Round "11"]
[TimeControl "180+2"]
[Date "2023.05.23"]
[WhiteClock "0:02:27"]
[BlackClock "0:02:17"]

1. e4 c5 2. Nf3 g6 3. d4 cxd4 4. Nxd4 Bg7 5. Nc3 Nc6 6. Be3 Nf6 7. Bc4 O-O 8. Bb3 a5 9. a4 Ng4 10. Nxc6 Nxe3 11. Nxd8 Nxd1 12. Rxd1 Rxd8 13. O-O Bxc3 14. bxc3 d6 15. Bc4 Be6 16. Bb5 Rac8 17. Rd3 Bc4 18. Bxc4 Rxc4 0-1


[Site "https://www.chess.com"]

[Event "Titled Tuesday Blitz May 23 Early 2023"]
[White "Jiganchine, Roman"]
[Black "Floresvillar Gonzalez, Luis Migu"]
[WhiteFideId "2603667"]
[BlackFideId "5100542"]
[WhiteElo "2289"]
[BlackElo "2040"]
[Result "1-0"]
[Round "11"]
[TimeControl "180+2"]
[Date "2023.05.23"]
[WhiteClock "0:00:07"]
[BlackClock "0:00:00"]

1. e4 e6 2. d4 d5 3. Nd2 dxe4 4. Nxe4 Nd7 5. Bd3 Ngf6 6. Qe2 Nxe4 7. Bxe4 Nf6 8. Nf3 Nxe4 9. Qxe4 Qd5 10. Qxd5 exd5 11. Bf4 c6 12. O-O-O Be7 13. Rde1 Be6 14. Ng5 Bxg5 15. Bxg5 Kd7 16. f3 f6 17. Bd2 Rae8 18. h4 h5 19. b3 b5 20. Bb4 Bf5 21. Bc5 a6 22. Kd2 Rxe1 23. Rxe1 Re8 24. Ra1 a5 25. a4 Ra8 26. Bb6 Ra6 27. Bc5 Ra8 28. Re1 Be6 29. Ra1 g6 30. Ke3 Bf5 31. Kd2 g5 32. Rh1 g4 33. Rf1 gxf3 34. Rxf3 Ke6 35. Re3+ Be4 36. Rg3 bxa4 37. bxa4 Re8 38. Rg7 Kf5 39. g3 Bf3 40. Re7 Rxe7 41. Bxe7 Ke6 42. Bd8 Kf5 43. Bxa5 Kg4 44. Bc7 f5 45. a5 f4 46. Bxf4 Be4 47. a6 1-0


[Site "https://www.chess.com"]

[Event "Titled Tuesday Blitz May 23 Early 2023"]
[White "Tarnowska, Aleksandra"]
[Black "Brueckner, Thomas"]
[WhiteFideId "1180967"]
[BlackFideId "4600452"]
[WhiteElo "1776"]
[BlackElo "2322"]
[Result "0-1"]
[Round "11"]
[TimeControl "180+2"]
[Date "2023.05.23"]
[WhiteClock "0:00:01"]
[BlackClock "0:00:02"]

1. e4 e5 2. Nf3 Nc6 3. Bb5 a6 4. Ba4 Nf6 5. O-O b5 6. Bb3 Bc5 7. c3 d6 8. d4 Bb6 9. d5 Ne7 10. Re1 Ng6 11. h3 O-O 12. Nbd2 Bb7 13. Nf1 c6 14. dxc6 Bxc6 15. Ng3 Nf4 16. Be3 Bxe3 17. Rxe3 g6 18. Nh2 h5 19. Bc2 Qc7 20. Ne2 Ne6 21. Qd2 Kg7 22. Rd1 Rad8 23. Qe1 Qb7 24. Ng3 h4 25. Ngf1 Nf4 26. Nf3 Rh8 27. Ng5 Rh5 28. Nf3 Qe7 29. N1h2 Bd7 30. Bb3 Be6 31. Bxe6 Qxe6 32. a3 g5 33. Nd2 g4 34. hxg4 Nxg4 35. Rf3 Nxh2 36. Kxh2 Qg4 37. Qg1 d5 38. exd5 Rxd5 39. Re3 f6 40. Rf3 Rg5 41. g3 hxg3+ 42. Rxg3 Rh5+ 43. Rh3 Rxh3# 0-1


[Site "https://www.chess.com"]

[Event "Titled Tuesday Blitz May 23 Early 2023"]
[White "Vargas Rodriguez, Wilver"]
[Black "Afanasieva, Alexandra"]
[WhiteFideId "3509672"]
[BlackFideId "34126926"]
[WhiteElo "2246"]
[BlackElo "1745"]
[Result "0-1"]
[Round "11"]
[TimeControl "180+2"]
[Date "2023.05.23"]
[WhiteClock "0:00:00"]
[BlackClock "0:00:39"]

1. Nf3 Nf6 2. d4 e6 3. c3 b6 4. Bf4 Bb7 5. e3 d5 6. Nbd2 Bd6 7. Ne5 O-O 8. Bd3 Nbd7 9. h4 Bxe5 10. dxe5 Ne4 11. Qc2 Ndc5 12. Be2 Nxd2 13. Qxd2 Ne4 14. Qc2 f6 15. f3 fxe5 16. Bxe5 Nf6 17. Bd3 h6 18. O-O-O c5 19. e4 dxe4 20. Bxe4 Bxe4 21. Rxd8 Bxc2 22. Rxf8+ Rxf8 23. Kxc2 Nd5 24. c4 Ne3+ 25. Kd3 Nxg2 26. Ke4 Rf7 27. Rh2 Ne1 28. Bf4 e5 29. Bxe5 Nxf3 30. Rh3 Nxe5 31. Kxe5 Rf2 32. b3 Rxa2 33. Kd6 Kf7 34. Kc6 g5 35. hxg5 hxg5 0-1


[Site "https://www.chess.com"]

[Event "Titled Tuesday Blitz May 23 Early 2023"]
[White "Alhadad, Mahmoud"]
[Black "KSho99"]
[WhiteFideId "11501863"]
[WhiteElo "1955"]
[BlackElo "2168"]
[Result "0-1"]
[Round "11"]
[TimeControl "180+2"]
[Date "2023.05.23"]
[WhiteClock "0:00:00"]
[BlackClock "0:00:03"]

1. e4 c6 2. d4 d5 3. exd5 cxd5 4. Bd3 Nc6 5. c3 Nf6 6. Bf4 Bg4 7. Qb3 Qd7 8. Nd2 e6 9. Ngf3 Bxf3 10. Nxf3 Bd6 11. Bxd6 Qxd6 12. O-O O-O 13. Rae1 b5 14. Ne5 Rab8 15. a3 Ne7 16. f4 Rfc8 17. Rf3 g6 18. Rh3 a5 19. Bxb5 Ne4 20. a4 Qb6 21. Qd1 Rb7 22. Qg4 Nf5 23. Qf3 Nfd6 24. Bd7 Rcc7 25. Qg4 Rxd7 26. Nxd7 Rxd7 27. Qh4 f5 28. Re2 Qd8 29. Qe1 Rb7 30. Rhe3 Qb8 31. g4 Rxb2 32. Qh4 Rxe2 33. Rxe2 Nxc3 34. Rxe6 Nde4 35. Re7 Ne2+ 36. Kg2 Nxf4+ 37. Kf3 h5 0-1


[Site "https://www.chess.com"]

[Event "Titled Tuesday Blitz May 23 Early 2023"]
[White "Blokhin, Sofia"]
[Black "Blackwhite017"]
[WhiteFideId "4508190"]
[WhiteElo "1994"]
[BlackElo "2094"]
[Result "1/2-1/2"]
[Round "11"]
[TimeControl "180+2"]
[Date "2023.05.23"]
[WhiteClock "0:00:19"]
[BlackClock "0:01:13"]

1. e4 c5 2. Nf3 d6 3. d4 cxd4 4. Nxd4 Nf6 5. Nc3 g6 6. f3 Bg7 7. Be3 Nc6 8. Bc4 Qb6 9. Nf5 Qxb2 10. Nxg7+ Kf8 11. Bd2 Nd4 12. Rb1 Qxc2 13. Qxc2 Nxc2+ 14. Kd1 Na3 15. Rb4 Nxc4 16. Bh6 Ne5 17. Ne6+ Kg8 18. Nc7 Rb8 19. Na6 Ra8 20. Nc7 Rb8 21. Na6 Ra8 22. Nc7 1/2-1/2


[Site "https://www.chess.com"]

[Event "Titled Tuesday Blitz May 23 Early 2023"]
[White "Thiel, Thomas"]
[Black "stratacticos"]
[WhiteFideId "4615964"]
[WhiteElo "2227"]
[BlackElo "1904"]
[Result "1-0"]
[Round "11"]
[TimeControl "180+2"]
[Date "2023.05.23"]
[WhiteClock "0:00:09"]
[BlackClock "0:00:00"]

1. e4 c5 2. Nc3 Nc6 3. Bb5 Na5 4. Nf3 a6 5. Be2 b5 6. O-O Bb7 7. d3 e6 8. h3 Be7 9. Nh2 b4 10. Nb1 d5 11. exd5 Qxd5 12. Bf3 Qd7 13. Bxb7 Qxb7 14. Nd2 Nf6 15. Qf3 Qxf3 16. Nhxf3 Nc6 17. Nc4 O-O 18. Be3 Nd5 19. Nfe5 Nxe5 20. Nxe5 Nxe3 21. fxe3 Rac8 22. Nc4 Bg5 23. g3 h5 24. Kg2 h4 25. gxh4 Bxh4 26. Rf4 g5 27. Re4 Rc6 28. Rf1 Kg7 29. Ne5 Rd6 30. Rc4 Rd5 31. Nf3 Rh8 32. e4 Rdd8 33. Rxc5 Rc8 34. Rxc8 Rxc8 35. Rc1 f5 36. exf5 exf5 37. c4 bxc3 38. Rxc3 Re8 39. Nxh4 gxh4 40. Kf3 Re1 41. d4 Kf6 42. Rc6+ Kg5 43. Rxa6 Rd1 44. Ra4 Rd3+ 45. Ke2 Rxh3 46. d5 Rh2+ 47. Ke3 Rxb2 48. d6 Rb8 49. Rd4 Rd8 50. d7 h3 51. Kf3 h2 52. Kg2 Kf6 53. Kxh2 Ke5 54. Rd2 f4 55. Kg2 Ke4 56. a4 Ke3 57. Rd6 f3+ 58. Kf1 Rh8 59. Re6+ Kf4 60. Re8 1-0


[Site "https://www.chess.com"]

[Event "Titled Tuesday Blitz May 23 Early 2023"]
[White "Mirimanian, Hayk"]
[Black "Winkels, Marcel"]
[WhiteFideId "4700180"]
[BlackFideId "1003887"]
[WhiteElo "2280"]
[BlackElo "1900"]
[Result "1-0"]
[Round "11"]
[TimeControl "180+2"]
[Date "2023.05.23"]
[WhiteClock "0:01:17"]
[BlackClock "0:00:00"]

1. e4 Nf6 2. e5 Nd5 3. c4 Nb6 4. d4 d6 5. exd6 exd6 6. Nc3 Be7 7. Be3 O-O 8. Qf3 N8d7 9. O-O-O Nf6 10. h3 Bd7 11. g4 Bc6 12. d5 Bd7 13. g5 Ne8 14. h4 f5 15. Nh3 c6 16. Kb1 cxd5 17. cxd5 Rc8 18. Nf4 Nc4 19. Bd4 Nc7 20. Bxc4 b5 21. Bb3 a5 22. Ne6 Nxe6 23. dxe6 Bc6 24. Bd5 Be8 25. Ne2 b4 26. Rc1 a4 27. Rxc8 Qxc8 28. Rc1 Qa6 29. Nf4 Bb5 30. Bc6 Bc4 31. Nd5 Bxd5 32. Bxd5 a3 33. Bc4 Qc8 34. bxa3 bxa3 35. Qxa3 Qb8+ 36. Bb3 Rc8 37. Rxc8+ Qxc8 38. Qb2 Bf8 39. e7+ 1-0


[Site "https://www.chess.com"]

[Event "Titled Tuesday Blitz May 23 Early 2023"]
[White "dDobravcan"]
[Black "Shapiro, Viktor"]
[BlackFideId "4175700"]
[WhiteElo "2117"]
[BlackElo "2152"]
[Result "0-1"]
[Round "11"]
[TimeControl "180+2"]
[Date "2023.05.23"]
[WhiteClock "0:00:00"]
[BlackClock "0:00:10"]

1. d4 c5 2. d5 e6 3. c4 exd5 4. Nc3 d4 5. Nd5 Nf6 6. Bg5 Qa5+ 7. Bd2 Qd8 8. Bg5 Be7 9. Bxf6 Bxf6 10. Nf3 O-O 11. g3 d6 12. Bg2 Nc6 13. O-O Re8 14. Nd2 Bg4 15. Nf3 Rb8 16. h3 Be6 17. Nd2 a6 18. a4 Ne5 19. f4 Nc6 20. f5 Bxd5 21. Bxd5 Re3 22. Nf3 Nb4 23. Rf2 Qe7 24. Ra3 b5 25. axb5 axb5 26. Kg2 Nxd5 27. cxd5 h6 28. Qc2 c4 29. g4 Re8 30. Ng1 Rxa3 31. bxa3 Qb7 32. Nf3 Qxd5 33. Qb1 Re3 34. Qb4 Kh7 0-1


[Site "https://www.chess.com"]

[Event "Titled Tuesday Blitz May 23 Early 2023"]
[White "Mayaud, Raphael"]
[Black "Slayyy_200"]
[WhiteFideId "627151"]
[WhiteElo "2191"]
[BlackElo "2105"]
[Result "1-0"]
[Round "11"]
[TimeControl "180+2"]
[Date "2023.05.23"]
[WhiteClock "0:00:06"]
[BlackClock "0:00:00"]

1. d4 Nf6 2. Bg5 Ne4 3. Bf4 c5 4. f3 Qa5+ 5. c3 Nf6 6. Nd2 cxd4 7. Nb3 Qd8 8. cxd4 e6 9. e4 d5 10. e5 Nfd7 11. Be3 Bb4+ 12. Kf2 Nc6 13. Bd3 a5 14. f4 b6 15. Qe2 f6 16. Nf3 fxe5 17. fxe5 O-O 18. Rhf1 a4 19. Nd2 a3 20. Nb3 Qe7 21. Kg1 Bb7 22. bxa3 Rxa3 23. Ng5 g6 24. Rxf8+ Nxf8 25. Rf1 Bc3 26. Rf7 Qb4 27. Rxb7 Qa4 28. Qf2 Nd8 29. Rb8 Rxa2 30. Qf6 Ra1+ 31. Kf2 1-0


[Site "https://www.chess.com"]

[Event "Titled Tuesday Blitz May 23 Early 2023"]
[White "Cramling Bellon, Anna"]
[Black "Vargas, Mauricio"]
[WhiteFideId "32009232"]
[BlackFideId "4404572"]
[WhiteElo "1976"]
[BlackElo "1986"]
[Result "1-0"]
[Round "11"]
[TimeControl "180+2"]
[Date "2023.05.23"]
[WhiteClock "0:00:10"]
[BlackClock "0:00:14"]

1. d4 d5 2. c4 c6 3. Nc3 e6 4. e3 Nf6 5. Nf3 Nbd7 6. Bd3 Bd6 7. O-O dxc4 8. Bxc4 b5 9. Bd3 O-O 10. a3 Bb7 11. b4 a5 12. Rb1 axb4 13. axb4 Qe7 14. Qb3 Nb6 15. e4 e5 16. dxe5 Bxe5 17. Nxe5 Qxe5 18. Be3 Ng4 19. g3 Qh5 20. h4 Nxe3 21. fxe3 Qg4 22. Kg2 Rad8 23. Be2 Rd2 24. Rf2 Qg6 25. h5 Qg5 26. Rbf1 Qxe3 27. Rxf7 Rxe2+ 28. Nxe2 Qxb3 29. Rxf8# 1-0


[Site "https://www.chess.com"]

[Event "Titled Tuesday Blitz May 23 Early 2023"]
[White "Silva Rosas, Natalia"]
[Black "Saim, Mohamed Ilias"]
[WhiteFideId "3000575"]
[BlackFideId "7900465"]
[WhiteElo "1651"]
[BlackElo "2063"]
[Result "0-1"]
[Round "11"]
[TimeControl "180+2"]
[Date "2023.05.23"]
[WhiteClock "0:00:00"]
[BlackClock "0:00:30"]

1. e4 c6 2. d3 d5 3. Nd2 dxe4 4. dxe4 Nf6 5. Ngf3 Bg4 6. h3 Bh5 7. g3 Nbd7 8. Bg2 e5 9. O-O Bc5 10. Nb3 Nxe4 11. Nxc5 Nexc5 12. g4 Bg6 13. Bg5 f6 14. Be3 O-O 15. Nh4 Be4 16. f3 Bd5 17. Nf5 Be6 18. Nd6 Qc7 19. b4 Na4 20. Ne4 Rad8 21. Qe1 Nab6 22. Qh4 Nd5 23. Bd2 Rfe8 24. c4 Ne7 25. c5 Ng6 26. Qg3 Ndf8 27. Bc3 Bc4 28. Rfd1 Ne6 29. Nd6 Bd5 30. Nxe8 Rxe8 31. h4 Ngf4 32. Kh2 Ne2 33. Qe1 N6f4 34. g5 Qc8 35. gxf6 Bxf3 36. f7+ Kxf7 0-1


[Site "https://www.chess.com"]

[Event "Titled Tuesday Blitz May 23 Early 2023"]
[White "Palencia Morales, Wilson Guillermo"]
[Black "Dilmukhametov, Artur"]
[WhiteFideId "4401859"]
[BlackFideId "24179922"]
[WhiteElo "2144"]
[BlackElo "2242"]
[Result "1-0"]
[Round "11"]
[TimeControl "180+2"]
[Date "2023.05.23"]
[WhiteClock "0:01:09"]
[BlackClock "0:00:48"]

1. d4 Nf6 2. c4 g6 3. Nc3 Bg7 4. Nf3 O-O 5. e4 d6 6. Be2 Nbd7 7. h3 e5 8. d5 Nc5 9. Qc2 a5 10. Bg5 Qd7 11. Nd2 Ne8 12. g4 c6 13. O-O-O cxd5 14. Nxd5 Nc7 15. Nb6 Qc6 16. Nxa8 Nxa8 17. Kb1 Nb6 18. Be3 Be6 19. f3 Nca4 20. Qb3 Rc8 21. Rc1 Nc5 22. Qb5 Qc7 23. Qxa5 Ra8 24. Qb4 Ra4 25. Qc3 Ncd7 26. b3 Ra7 27. c5 dxc5 28. Bxc5 Qb8 29. Be3 Qa8 30. Bb5 Rxa2 31. Bxd7 Nxd7 32. Qc8+ Bf8 33. Qxa8 Rxa8 34. Rc7 Ra3 35. Rhc1 Be7 36. Rxd7 Bxd7 37. Rc7 Be6 38. Rxe7 Bxb3 39. Bh6 Ba4 40. Rxb7 f6 41. Rg7+ Kh8 42. Rf7 Bb3 43. Nxb3 Rxb3+ 44. Kc2 Rxf3 45. Rf8# 1-0


[Site "https://www.chess.com"]

[Event "Titled Tuesday Blitz May 23 Early 2023"]
[White "Chyngyz, Sultai"]
[Black "Sanchez, Robert"]
[WhiteFideId "13803158"]
[BlackFideId "2034360"]
[WhiteElo "1408"]
[BlackElo "1827"]
[Result "1-0"]
[Round "11"]
[TimeControl "180+2"]
[Date "2023.05.23"]
[WhiteClock "0:00:10"]
[BlackClock "0:00:06"]

1. e4 e6 2. d4 d5 3. e5 c5 4. c3 Nc6 5. Nf3 Bd7 6. Be2 Qb6 7. O-O Nh6 8. b3 cxd4 9. cxd4 Nf5 10. Bb2 a5 11. g4 Nh6 12. h3 a4 13. Nc3 a3 14. Bc1 Qa5 15. Bd2 Bb4 16. Nb5 O-O 17. Bxb4 Qxb4 18. Nd6 f6 19. g5 fxe5 20. dxe5 Nf5 21. Nxf5 Rxf5 22. Bd3 Rf4 23. Qe2 Raf8 24. Nh2 Qe7 25. g6 hxg6 26. Kh1 Qh4 27. f3 Qxh3 28. Bxg6 Nd4 29. Qg2 Qh6 30. Kg1 Bb5 31. Rf2 Rh4 32. Kh1 Nf5 33. Rg1 Be8 34. Bxe8 Rxe8 35. Re1 Rc8 36. Kg1 d4 37. Ng4 Qg5 38. Rd1 Rc1 39. Rd2 Ne3 40. Nxe3 Qxe3+ 41. Kf1 1-0


[Site "https://www.chess.com"]

[Event "Titled Tuesday Blitz May 23 Early 2023"]
[White "Campos, Maria Jose"]
[Black "Lohani, Sujana"]
[WhiteFideId "146803"]
[BlackFideId "12311987"]
[WhiteElo "2170"]
[BlackElo "1718"]
[Result "1/2-1/2"]
[Round "11"]
[TimeControl "180+2"]
[Date "2023.05.23"]
[WhiteClock "0:00:20"]
[BlackClock "0:00:06"]

1. c4 g6 2. g3 Bg7 3. Bg2 Nf6 4. Nc3 O-O 5. d3 c6 6. e4 d6 7. Nge2 Na6 8. O-O Rb8 9. a4 Nb4 10. Be3 a5 11. h3 e6 12. d4 e5 13. Qd2 exd4 14. Nxd4 Re8 15. Rad1 Qe7 16. Rfe1 Nd7 17. Nc2 Ne5 18. Na3 Be6 19. b3 Bf8 20. f4 Nd7 21. Qf2 Nc5 22. Bxc5 dxc5 23. e5 Rbd8 24. Qe2 Rd4 25. Ne4 Red8 26. Nc2 Rxd1 27. Rxd1 Bg7 28. Nxb4 cxb4 29. Rd3 Bf5 30. Qd2 Rxd3 31. Qxd3 Bxe4 32. Bxe4 Bf8 33. Kg2 Qc5 34. h4 Kg7 35. h5 Be7 36. hxg6 hxg6 37. e6 Qh5 38. Bf3 Qf5 39. Qxf5 gxf5 40. g4 fxe6 41. gxf5 exf5 42. Bh5 b6 43. Be8 c5 44. Kf3 Bf6 45. Kg3 Kf8 46. Bg6 Ke7 47. Bxf5 Bd4 48. Kg4 Kf6 49. Be4 Bc3 50. Kh5 Kg7 51. Kg5 Bf6+ 52. Kf5 Kf7 53. Bd5+ Ke7 54. Kg6 Bd4 55. Bf7 Bf6 56. Bd5 Bd4 57. Kf5 Bf6 58. Bg8 Bd4 59. Ke4 Kd6 60. Bd5 Bf6 61. Kf5 Ke7 1/2-1/2